 Dungeon Crawl Stone Soup version 0.28.0-45-g0d030f2227 (webtiles) character file.

Game seed: 16990534518396873522

72 protoss039 the Cudgeller (level 4, -2/27 HPs)
             Began as a Gargoyle Gladiator on Apr 12, 2022.
             Splashed by a jelly's acid (4 damage)
             ... on level 3 of the Dungeon.
             The game lasted 00:02:23 (2267 turns).

protoss039 the Cudgeller (Gargoyle Gladiator)       Turns: 2267, Time: 00:02:24

Health: -2/27      AC:  3    Str: 20    XL:     4   Next: 26%
Magic:  4/4        EV: 12    Int:  8    God:
Gold:   130        SH:  0    Dex: 11    Spells: 3/3 levels left

rFire   . . .      SeeInvis .   a - +0 flail
rCold   . . .      Faith    .   (no shield)
rNeg    + . .      Spirit   .   b - +0 leather armour
rPois   ∞          Reflect  .   c - +0 helmet
rElec   +          Harm     .   (no cloak)
rCorr   .          Rampage  .   (no gloves)
Will    .....                   (no boots)
Stlth   +.........              (no amulet)
HPRegen 0.09/turn               (no ring)
MPRegen 0.09/turn               (no ring)

@: corroded
A: sickness immunity, AC +3, negative energy resistance 1, electricity
resistance, torment resistance 1, petrification resistance
a: no special abilities


You were on level 3 of the Dungeon.
You visited 1 branch of the dungeon, and saw 3 of its levels.

You collected 130 gold pieces.

Inventory:

Hand Weapons
 a - a +0 flail (weapon)
Missiles
 d - 2 throwing nets (quivered)
Armour
 b - a +0 leather armour (worn)
 c - a +0 helmet (worn)
Wands
 k - a wand of polymorph (9)
Scrolls
 e - 3 scrolls of teleportation {unknown}
 g - 2 scrolls of identify {unknown}
 i - a scroll of summoning {unknown}
 j - 2 scrolls of torment {unknown}
 l - a scroll of enchant armour {unknown}
Potions
 f - a potion of resistance {unknown}
 h - a potion of magic {unknown}


   Skills:
 + Level 2.6 Fighting
 + Level 3.4 Maces & Flails
 * Level 2.5 Throwing
 + Level 1.3 Armour
 - Level 3.0 Dodging


You had 3 spell levels left.
You didn't know any spells.
Your spell library contained the following spells:

 Spells                   Type           Power      Damage    Failure   Level
 Beastly Appendage        Tmut           0%         N/A       45%         1
 Shock                    Conj/Air       0%         1d3       45%         1
 Wereblood                Tmut           0%         N/A       61%         2
 Spider Form              Tmut/Pois      0%         N/A       83%         3
 Swiftness                Air            0%         N/A       83%         3
 Airstrike                Air            0%         N/A       99%         4


Dungeon Overview and Level Annotations

Branches:
Dungeon (3/15)

Altars:


Innate Abilities, Weirdness & Mutations

You are immune to sickness and miasma.
Your stone body is resilient. (AC +3)
You are immune to poison.
You resist negative energy. (rN+)
You are resistant to electric shocks. (rElec)
You are resistant to unholy torment.
You are immune to petrification.


Message History

Unknown command.
You hit the giant cockroach but do no damage.
The giant cockroach is almost dead.
The giant cockroach barely misses you. The giant cockroach misses you.
Unknown command.
You hit the giant cockroach but do no damage.
The giant cockroach is almost dead.
The giant cockroach bites you but does no damage.
Unknown command.
You sock the giant cockroach!
You kill the giant cockroach!
No target in view!
Unknown command.
Found a stone staircase leading up.
There is a stone staircase leading up here.
A jelly comes into view.
Found 15 gold pieces.
The jelly quivers.
A jelly is nearby!
A jelly is nearby!
Found a short sword.
The jelly hits you. The acid corrodes you!
You are splashed with acid!
A jelly is nearby!
You hit the jelly.
Your hands burn!
The jelly is lightly wounded.
The jelly hits you.
You are splashed with acid!
* * * LOW HITPOINT WARNING * * *
A jelly is nearby!
You are too injured to fight recklessly!
Unknown command.
Unknown command.
Unknown command.
Throw: 3 throwing nets
Press: ? - help, Q - select action, (/) - cycle Shift-Dir - straight line, f - jelly
Aim: a jelly (89% to hit)
You throw a throwing net. The throwing net hits the jelly.
The jelly is caught in the net!
The jelly struggles against the net.
You thump the jelly!
Your hands burn!
You die...

#.##. # ..... # .... #
##..# ### # #...
#..#.# # #..#
#..#.#### #..########
..#..... #.J#.......
..#.#### #..@$#
#.#..... ##.###
#.#.####
####....########.#.#
..........<.....##...#
########........####.#
#########.†...#
.............#
.######.....## #.....#


You could see a jelly (caught).

Vanquished Creatures
  A gnoll (D:1)
  An adder (D:2)
  A worm (D:2)
  3 dart slugs
  3 endoplasms
  2 giant cockroaches
  A goblin (D:3)
  6 hobgoblins
  6 jackals
  4 ball pythons
  4 bats
  3 frilled lizards (D:2)
  4 kobolds
  5 rats
44 creatures vanquished.

Notes
Turn   | Place    | Note
-------+----------+-------------------------------------------
     0 | D:1      | protoss039 the Gargoyle Gladiator began the quest for the
                  | Orb.
     0 | D:1      | Reached XP level 1. HP: 12/12 MP: 1/1
   254 | D:1      | Reached XP level 2. HP: 17/17 MP: 2/2
   579 | D:1      | Reached XP level 3. HP: 22/22 MP: 3/3
  1420 | D:2      | Reached skill level 1 in Armour
  1703 | D:2      | Reached XP level 4. HP: 27/27 MP: 4/4
  1709 | D:2      | Found a faded altar of an unknown god.
  2267 | D:3      | Splashed by a jelly's acid

Illustrated notes

Levels and vault maps discovered:
D:1:      ncdulo_halloftheorcs, layout_basic, columned_hall_lemuel,
          due_unseen_surprise
D:2:      layout_loops_corners, ebering_ecumenical_altar_abandoned,
          chequers_jeans, eino_tiny_chamber
D:3:      layout_basic, slow_altar_2, wander_ebering_terrifying_dragon_lair

Skill      XL: |  1  2  3 |
---------------+----------+-----
Throwing       | 2 |  2.5
Armour         | 1 |  1.3
Dodging        | 3 |  3.0
Fighting       | |  2.6
Maces & Flails | |  3.4

Action                   |  1- 3 |  4- 6 || total
-------------------------+-------+-------++-------
Melee: Flail             |    99 |    29 ||   128
       Punch             |     2 |       ||     2
Throw: Throwing net      |       |     1 ||     1
Armor: Leather armour    |    42 |     8 ||    50
Dodge: Dodged            |    72 |    12 ||    84
